 Dungeon Crawl Stone Soup version 0.19-a0-944-gb338e1e (webtiles) character file.

49 HAL9000 the Ruffian (level 3, 0/29 HPs)
             Began as a Draconian Transmuter on July 9, 2016.
             Slain by Sigmund
             ... wielding a +0 scythe
              (6 damage)
             ... on level 2 of the Dungeon.
             The game lasted 00:03:48 (1872 turns).

HAL9000 the Ruffian (Draconian Transmuter)          Turns: 1872, Time: 00:03:48

Health: 0/29       AC:  6    Str: 12    XL:     3   Next: 51%
Magic:  1/6        EV: 12    Int: 14    God:
Gold:   60         SH:  0    Dex: 11    Spells: 3 memorised, 0 levels left

rFire  . . .     SeeInvis .       - Unarmed
rCold  . . .     Gourm    .     (armour unavailable)
rNeg   . . .     Faith    .     (no shield)
rPois  .         Spirit   .     (helmet restricted)
rElec  .         Dismiss  .     (no cloak)
rCorr  .         Reflect  .     d - +0 pair of gloves
SustAt .         Harm     .     (no boots)
MR     .....                    (no amulet)
Stlth  +.........               (no ring)
                                l - ring of wizardry

@: not resistant to hostile enchantments, very unstealthy
A: unfitting armour, cold-blooded, AC +5
a: no special abilities


You were on level 2 of the Dungeon.
You were hungry.

You visited 1 branch of the dungeon, and saw 2 of its levels.

You collected 60 gold pieces.

Inventory:

Missiles
 a - 8 arrows
Armour
 d - a +0 pair of gloves (worn)
 q - a +0 cloak
Jewellery
 l - a ring of wizardry (left hand)
Scrolls
 f - a scroll of identify
 g - a scroll of magic mapping {unknown}
 n - a scroll of enchant armour {unknown}
 p - a scroll of teleportation {unknown}
Potions
 e - 3 potions of curing
 i - a potion of cure mutation {unknown}
 k - a potion of brilliance {unknown}
 m - a potion of flight {unknown}
Books
 b - a book of Changes

   Spells                             Type                      Level
   a - Beastly Appendage              Transmutation                1
   b - Sticks to Snakes               Transmutation                2
   c - Spider Form                    Transmutation/Poison         3
   d - Ice Form                       Ice/Transmutation            4
   e - Blade Hands                    Transmutation                5
Comestibles
 c - a bread ration
 h - 2 meat rations
 j - a beef jerky


   Skills:
 + Level 1.7 Fighting
 - Level 1.7 Dodging
 * Level 3.6 Unarmed Combat
 + Level 2.2 Spellcasting
 * Level 2.8 Transmutations


You couldn't memorise any spells.
You knew the following spells:

 Your Spells              Type           Power        Failure   Level  Hunger
a - Beastly Appendage     Tmut           #.....       4%          1    #......
b - Sticks to Snakes      Tmut           #.......     6%          2    ###....
c - Spider Form           Tmut/Pois      #.........   21%         3    ###....


Dungeon Overview and Level Annotations

Branches:
Dungeon (2/15)

Altars:

Annotations:
D:2 Sigmund


Innate Abilities, Weirdness & Mutations

Your plain brown scales are hard. (AC +5)
Your body does not fit into most forms of armour.
You are cold-blooded and may be slowed by cold attacks.


Message History

Unknown command.
Your transformation is almost over.
A puff of flame appears from out of thin air!
The puff of flame misses you.
Your transformation has ended.
Your +0 pair of gloves unmelds from your body.
Sigmund casts a spell at you. You resist with significant effort.
A rat comes into view.
Casting: Spider Form
Confirm with . or Enter, or press ? or * to list all spells.
You create a snake!
You now have 9 arrows.
You closely miss the rat. The rat completely misses you.
Casting: Sticks to Snakes
Confirm with . or Enter, or press ? or * to list all spells.
You create a snake!
You now have 8 arrows.
The rat bites you but does no damage.
You barely miss the rat.
Sigmund hits you from afar with a scythe.
You die...

####### #.....# #.###.#
##### #@# #.# ......#
#.# #.# ...(..# #.# #.#
####..# #.# #.#
####..###############.#
#.#
..............Sr@S@...#
#.#
####..######.#..#######
#.#######
####..######.#..#
#........
................##
#########
.......(.....#...# #
##############.#.# #
##.............#.# #
...##.##########.. #
....#.# #.# #


You could see Sigmund, a rat and 2 friendly ball pythons.

Vanquished Creatures
  An adder (D:2)
  5 worms (D:2)
  A dart slug (D:1)
  2 giant geckos (D:1)
  A ball python (D:1)
  2 bats (D:1)
  A giant cockroach (D:2)
  3 goblins (D:2)
  3 hobgoblins (D:1)
  4 kobolds
  2 rats (D:2)
25 creatures vanquished.

Vanquished Creatures (collateral kills)
  A giant newt (D:2)
1 creature vanquished.

Grand Total: 26 creatures vanquished

Notes
Turn   | Place    | Note
-------+----------+-------------------------------------------
     0 | D:1      | HAL9000 the Draconian Transmuter began the quest for the Orb.
     0 | D:1      | Reached XP level 1. HP: 16/16 MP: 3/3
   255 | D:1      | Reached XP level 2. HP: 13/23 MP: 3/5
  1306 | D:2      | Learned a level 2 spell: Sticks to Snakes
  1347 | D:2      | Reached XP level 3. HP: 29/29 MP: 2/6
  1404 | D:2      | Learned a level 3 spell: Spider Form
  1795 | D:2      | Noticed Sigmund
  1872 | D:2      | Slain by Sigmund

Vault maps used:
D:1:      elethiomel_arrival_quiet
D:2:      uniq_sigmund

Action                   || total
-------------------------++-------
Melee: Unarmed           ||   130
       Kick              ||    13
       Tailslap          ||    13
       Headbutt          ||     2
 Cast: Beastly Appendage ||    12
       Sticks to Snakes  ||     4
       Spider Form       ||     1
  Use: Scroll            ||     1
  Eat: Chunk             ||     3
Armor: Skin              ||    37
Dodge: Dodged            ||    89
